 Dungeon Crawl Stone Soup version 0.31-a0-1074-g0b22e4e0f1 (webtiles) character file.

Game seed: 14732491310260974647

58 drugrobin the Sneak (level 3, -12/30 HPs)
             Began as a Demigod Delver on Dec 7, 2023.
             Mangled by an iguana (14 damage)
             ... on level 5 of the Dungeon.
             The game lasted 00:01:26 (88 turns).

drugrobin the Sneak (Demigod Delver)                  Turns: 88, Time: 00:01:26

Health: -12/30     AC:  3    Str: 17    XL:     3   Next: 51%
Magic:  5/5        EV: 12    Int: 12    God:
Gold:   12         SH:  0    Dex: 15    Spells: 2/2 levels left

rFire   . . .        h - +1 trident (venom)
rCold   . . .        (no shield)
rNeg    . . .        b - +0 leather armour
rPois   .            (no helmet)
rElec   .            (no cloak)
rCorr   .            (no gloves)
SInv    .            (no boots)
Will    .....        (no amulet)
Stlth   +++          (no ring)
HPRegen 0.25/turn    (no ring)
MPRegen 0.09/turn

%: no passive effects
@: no status effects
A: high MP 1, forlorn, divine attributes
a: no special abilities


You were on level 5 of the Dungeon.
You visited 1 branch of the dungeon, and saw 1 of its levels.

You collected 12 gold pieces.

Inventory:

Hand Weapons
 a - a +0 mace
 h - a +1 trident of venom (weapon)
Armour
 b - a +0 leather armour (worn)
 d - a +2 plate armour of cold resistance
Wands
 g - a wand of digging (2)
Scrolls
 c - a scroll of fog
Potions
 f - a potion of haste


   Skills:
 - Level 2.6 Fighting
 + Level 3.8 Maces & Flails
 - Level 1.7 Dodging
 - Level 4.5 Stealth


You had 2 spell levels left.
You didn't know any spells.
Your spell library was empty.

Dungeon Overview and Level Annotations

Branches:
Dungeon (5/15)             Temple (0/1) D:5

Annotations:
D:5 exclusion: hound


Innate Abilities, Weirdness & Mutations

You have an increased reservoir of magic. (+10% MP)
You shall have no god before yourself.
Your divine heritage dramatically boosts your attributes as you level up.


Message History

Unknown command.
Unknown command.
Unknown command.
Unknown command.
Unknown command.
Unknown command.
Unknown command.
Unknown command.
Unknown command.
Unknown command.
Unknown command.
Unknown command.
Aiming: Dig
Press: ? - help, Shift-Dir - straight line A rock wall.
The rock shatters into small pieces.
Unknown command.
Unknown command.
Found a runed plate armour.
You see here a +2 plate armour of cold resistance.
d - a +2 plate armour of cold resistance
Okay, then.
Okay, then.
Unknown command.
You hit the iguana but do no damage.
The iguana is poisoned.
The iguana bites you but does no damage.
Unknown command.
Unknown command.
You hit the iguana.
The iguana looks even sicker.
The iguana is moderately wounded.
The iguana bites you!
* * * LOW HITPOINT WARNING * * *
The iguana hisses menacingly.
The iguana bites you.
* * * LOW HITPOINT WARNING * * *
Unknown command.
Okay, then.
Okay, then.
The iguana attacks as it pursues you! The iguana bites you!
You die...

**.....##.#######**.#
*###.###.####### *.#
###.###.#########.#
#.###.....l.....#
#.##.#########..#
#.#.## #..# #..#.##
#..# ##l....# #..#
#@###.## #..# #.##
*.# #..# #.#****.#
#... #.,,,,,.# #.##
#,*****## #... *<*
#### *,* *,* *,*


You could see an iguana (very poisoned).

Vanquished Creatures
  A scorpion (D:5)
1 creature vanquished.

Notes
Turn   | Place    | Note
-------+----------+-------------------------------------------
     0 | D:5      | drugrobin the Demigod Delver began the quest for the Orb.
     0 | D:5      | Reached XP level 1. HP: 18/18 MP: 3/3
    13 | D:5      | Found a staircase to the Ecumenical Temple.
    13 | D:5      | Noticed a hound
    17 | D:5      | Noticed an iguana
    20 | D:5      | Noticed a scorpion
    50 | D:5      | Killed a scorpion
    51 | D:5      | Reached XP level 2. HP: 6/25 MP: 4/4
    51 | D:5      | Reached XP level 3. HP: 7/30 MP: 5/5
    59 | D:5      | Noticed a black bear
    64 | D:5      | Noticed an ogre
    88 | D:5      | Mangled by an iguana

Illustrated notes

Levels and vault maps discovered:
D:5:      layout_loops_ring, gammafunk_temple_overflow_forgotten,
          mainiacjoe_overflow_six_doors_small, minmay_temple_entry_junction,
          dreamdust_mushroom_princess, uniq_prince_ribbit1

Skill      XL: |  1 |
---------------+----+-----
Maces & Flails | 3 |  3.8
Fighting       | |  2.6
Dodging        | |  1.7
Stealth        | |  4.5

Action                     || total
---------------------------++-------
  Melee: Trident           ||     4
  Evoke: Wand              ||     1
    Use: Scroll            ||     2
 Armour: Leather armour    ||     8
  Dodge: Dodged            ||     2

Table legend: (Time is in decaauts)
 A = Elapsed time spent in this place.
 B = Non-inter-level travel time spent in this place.
 C = Inter-level travel time spent in this place.
 D = Time resting spent in this place.
 E = Time spent auto-exploring this place.
 F = Levels seen in this place.
 G = Mean time per level.
                   A        B        C        D        E       F      G
               +--------+--------+--------+--------+--------+-----+--------+
         Total |     88 |     88 |      0 |      0 |     11 |   1 |   88.0 |
       Dungeon |     88 |     88 |      0 |      0 |     11 |   1 |   88.0 |
               +--------+--------+--------+--------+--------+-----+--------+

Top non-repeatable levels by time:
     D:5: 88 daAuts
